 Dungeon Crawl Stone Soup version 0.30-a0-1082-g70414cbcbb (webtiles) character file.

Game seed: 9729627035880050

81700 Pooter the Spear-Bearer (level 15, -1/122 HPs)
             Began as a Demonspawn Berserker on Apr 13, 2023.
             Was an Elder of Trog.
             Slain by a meliai
             ... wielding a +0 war axe
              (8 damage)
             ... on level 14 of the Dungeon on Apr 16, 2023.
             The game lasted 02:56:09 (32484 turns).

Pooter the Spear-Bearer (Demonspawn Berserker)     Turns: 32484, Time: 02:56:09

Health: -1/122     AC: 27    Str: 25    XL:     15   Next: 27%
Magic:  15/15      EV:  8    Int:  8    God:    Trog [****..]
Gold:   546        SH:  9    Dex: 19    Spells: 14/14 levels left

rFire   . . .      SeeInvis +    v - +3 battleaxe (flame)
rCold   . . .      Faith    .    (shield currently unavailable)
rNeg    . . .      Spirit   .    R - +7 plate armour
rPois   +          Reflect  +    (helmet unavailable)
rElec   .          Rampage  .    c - +0 cloak
rCorr   .          Clarity  +    x - +1 pair of gloves
Will    +....                    s - +2 pair of boots {Fly} Stlth
                                 w - amulet of reflection
HPRegen 0.40/turn                P - ring of poison resistance
MPRegen 0.28/turn                X - +6 ring of dexterity

@: mighty, lethally poisoned (-1 -> -19), on berserk cooldown, flying, slowed,
very slow
A: antennae 3, large bone plates 1, powered by pain 1, magic regeneration,
clarity, wild magic 1
a: Renounce Religion, Berserk, Trog's Hand, Brothers in Arms


You were on level 14 of the Dungeon.
You worshipped Trog.
Trog was greatly pleased with you.
You visited 3 branches of the dungeon, and saw 21 of its levels.
You also visited: Bailey.

You collected 2145 gold pieces.
You spent 1599 gold pieces at shops.

Inventory:

Hand Weapons
 a - a +8 halberd of freezing
   (You took it off a wight on level 6 of the Dungeon)
 b - a +1 arbalest of freezing
   (You took it off an orc warrior on level 1 of the Orcish Mines)
 g - the +1 dire flail of the Quick God {flame, rElec rN+ Str+3}
   (You bought it in a shop on level 12 of the Dungeon)

   Str:       It affects your strength (+3).
   rElec:     It insulates you from electricity.
   rN:        It protects you from negative energy.
 j - a +3 falchion of flaming
   (You bought it in a shop on level 5 of the Dungeon)
 v - a +3 battleaxe of flaming (weapon)
   (You took it off an orc warrior on level 2 of the Orcish Mines)
 C - the +0 spear "Waossast" {heavy, rF+}
   (You found it on level 5 of the Dungeon)

   rF:        It protects you from fire.
 F - a +0 trident
   (You took it off an orc on level 4 of the Dungeon)
 O - a +1 heavy broad axe
   (You took it off a tengu warrior on level 13 of the Dungeon)
Missiles
 l - 6 javelins
 A - 15 boomerangs (quivered)
 B - 2 silver boomerangs
 E - 2 boomerangs of dispersal {!f}
 M - 61 poisoned darts
 Q - 117 stones
 T - 7 curare-tipped darts
 Z - 5 silver javelins
Armour
 c - a +0 cloak (worn)
   (You found it on level 1 of the Dungeon)
 s - a +2 pair of boots of flying (worn)
   (You found it on level 3 of the Dungeon)
 x - a +1 pair of gloves (worn)
   (You found it on level 4 of the Dungeon)
 R - a +7 plate armour (worn)
   (You found it on level 7 of the Dungeon)
Jewellery
 e - a +6 ring of intelligence
   (You found it on level 1 of the Dungeon)
 w - an amulet of reflection (around neck)
   (You found it on level 4 of the Dungeon)
 K - an amulet of the acrobat
   (You took it off an orc on level 4 of the Dungeon)
 P - a ring of poison resistance (left hand)
   (You found it on level 1 of the Lair of Beasts)
 S - the amulet "Jeump" {Spirit Rampage rCorr}
   (You acquired it on level 9 of the Dungeon)

   [amulet of guardian spirit]

   It causes incoming damage to be divided between your reserves of health and
   magic.
   rCorr:     It protects you from acid and corrosion.
   Rampage:   It bestows one free step when moving towards enemies.
 X - a +6 ring of dexterity (right hand)
   (You found it on level 3 of the Lair of Beasts)
Wands
 f - a wand of flame (44)
   (You bought it in a shop on level 6 of the Dungeon)
 p - a wand of polymorph (7)
   (You found it on level 9 of the Dungeon)
 D - a wand of digging (11)
   (You found it on level 4 of the Dungeon)
 U - a wand of charming (5)
   (You found it on level 9 of the Dungeon)
Scrolls
 d - 3 scrolls of fog
 i - 7 scrolls of identify {@r1}
 k - a scroll of magic mapping
 n - 5 scrolls of summoning
 r - 4 scrolls of blinking
 t - 2 scrolls of teleportation {@r4}
 H - 4 scrolls of noise {!r}
 I - 5 scrolls of vulnerability {!r}
 J - 2 scrolls of silence
 N - 7 scrolls of fear
 W - 2 scrolls of poison
Potions
 h - 2 potions of might
 m - 5 potions of lignification {!q}
 o - 9 potions of curing {@q1}
 q - 8 potions of heal wounds {@q2}
 u - 6 potions of flight
 y - 4 potions of resistance
 G - 4 potions of attraction {!q}
 L - 2 potions of haste {@q3}
 V - 4 potions of mutation {!q}
Miscellaneous
 z - a phial of floods (inert)
   (You found it on level 5 of the Lair of Beasts)


   Skills:
 + Level 12.6 Fighting
 - Level 4.6 Long Blades
 * Level 6.3(11.2) Axes
 - Level 14.3(14.8) Polearms
 * Level 13.1 Ranged Weapons
 - Level 7.3 Armour
 - Level 1.7 Dodging
 - Level 2.9 Stealth
 - Level 1.3 Shields
 - Level 6.4 Evocations


You had 14 spell levels left.
You didn't know any spells.
Your spell library was empty.

Dungeon Overview and Level Annotations

Branches:
Dungeon (14/15)            Temple (0/1) D:7            Lair (5/5) D:11
  Swamp (0/4) Lair:3       Spider (0/4) Lair:2        Slime (0/5) Lair:5
    Orc (2/2) D:9             Elf (0/3) Orc:2        Vaults (0/5) D:13
 Bailey (visited)

Altars:
Cheibriados
Dithmenos
Hepliaklqana
Nemelex Xobeh
Okawaru
Sif Muna
Trog
Vehumet
Xom
Jiyva

Shops:
D:5 (   D:6 **   D:8 *   D:9 !   D:12 (   D:13 *   Orc:2 ?**[?

Annotations:
D:4 Sigmund
D:14 2 transporters, 3 runed translucent doors, bmack86's ghost, journeyman MiFi
Lair:1 3 runed translucent doors, Sleet's ghost, novice MiBe
Orc:2 2 transporters, Bediveer's ghost, journeyman GnIE


Innate Abilities, Weirdness & Mutations

You have a pair of large antennae on your head. (SInv)
You are partially covered in large bone plates. (SH +4)
You sometimes gain a little power by taking damage.
You regenerate magic rapidly.
You possess an exceptional clarity of mind.
Your spells are a little harder to cast, but a little more powerful.


Message History

You slice the killer bee!! You burn the killer bee.
You kill the killer bee!
Trog accepts your kill.
You slice the killer bee!! You burn the killer bee.
You kill the killer bee!
Trog accepts your kill.
You feel very sick.
The meliai rages.
The killer bee stings you but does no damage.
The killer bee barely misses you.
The queen bee calls on the killer bee to defend it!
The killer bee goes berserk!
The queen bee calls on something to defend it!
The meliai rages.
You block the killer bee's attack.
You closely miss the killer bee.
You feel very sick. The killer bee completely misses you.
You hear an angry buzzing noise.
The killer bee stings you but does no damage.
You hear an angry buzzing noise.
The killer bee stings you.
* * * LOW HITPOINT WARNING * * *
The killer bee stings you.
* * * LOW HITPOINT WARNING * * *
You slice the queen bee!! You burn the queen bee!
You kill the queen bee!
Trog accepts your kill.
You feel very sick. The meliai hits you with a +0 war axe.
* * * LOW HITPOINT WARNING * * *
The meliai completely misses you. You block the meliai's attack.
The meliai stings you.
* * * LOW HITPOINT WARNING * * *
The meliai completely misses you. The meliai closely misses you.
The meliai barely misses you.
The meliai stings you but does no damage.
The meliai hits you with a +0 war axe!
* * * LOW HITPOINT WARNING * * *
The meliai stings you but does no damage.
You hear an angry buzzing noise.
You closely miss the meliai.
You feel sick. The meliai barely misses you.
You block the meliai's attack. x2; The meliai stings you!
* * * LOW HITPOINT WARNING * * *
You are lethally poisoned!
The meliai poisons you! The meliai closely misses you.
The meliai barely misses you.
The killer bee rages.
You block the meliai's attack. The meliai stings you!
You die... ..... #..†..†... ..... +..!†.... ..... #.!†.... { ..... #..yyy. ..... .yyyyy ##### {yyyC{

#y## # #@)# # ##.####### # #
###........# ######
##############..........####.....
#..........##..#........##.'.....
..............##...........#.....
#..........#####........####.....
#..........# #........# #.....
#..........# ######.### #.....


You could see a meliai (berserk) and 10 killer bees.

Vanquished Creatures
  Jorgrun (D:13)
  Kirke (D:13)
  Azrael (D:13)
  2 dire elephants (Lair:5)
  4 ogre magi (Orc:2)
  3 hydras
  A centaur warrior (D:13)
  Harold (D:9)
  3 catoblepae
  3 boulder beetles
  A tengu warrior (D:13)
  18 two-headed ogres
  2 spectral dire elephants (Lair:5)
  Nergalle (Lair:3)
  5 skeletal warriors (D:14)
  2 spectral death yaks (Lair:5)
  A spectral anaconda (Lair:5)
  An obsidian statue (Lair:5)
  A lindwurm (Lair:4)
  4 necromancers
  An orc knight (D:9)
  A manticore (D:13)
  13 elephants (Lair:5)
  4 cyclopes
  4 black mambas (Lair:5)
  11 cane toads
  7 gargoyles
  A rime drake (Lair:5)
  11 komodo dragons
  2 efreet (D:13)
  7 trolls
  2 meliai (D:14)
  A queen bee (D:14)
  Prince Ribbit (D:7)
  A polar bear (Lair:5)
  12 dream sheep
  12 blink frogs
  8 slime creatures
  3 wraiths
  A shadow (D:12)
  37 yaks
  3 wyverns
  4 fire elementals (D:13)
  A hog (D:13)
  7 vampire mosquitoes
  A redback (shapeshifter) (D:14)
  2 spectral cane toads (Lair:5)
  9 wargs
  Menkaure (D:4)
  A death yak simulacrum (Lair:5)
  4 acid dragons
  7 water moccasins
  2 hell hounds (D:13)
  2 black bears
  A sky beast (D:13)
  27 orc warriors
  2 ice beasts (D:5)
  34 ogres
  2 elephant zombies (Lair:5)
  10 centaurs
  16 wolves
  2 elephant skeletons (Lair:5)
  A phantom (D:5)
  6 kobold brigands
  16 bullfrogs
  3 scorpions
  A cane toad simulacrum (Lair:5)
  A gnoll sergeant (D:9)
  4 wights (D:6)
  An elephant simulacrum (Lair:5)
  9 killer bees (D:14)
  2 electric eels
  10 howler monkeys
  5 jellies
  4 gnoll boudas
  5 orc priests
  13 orc wizards
  2 sleepcaps
  7 iguanas
  12 adders
  21 gnolls
  4 shadow imps
  A white imp (D:5)
  A worm (D:4)
  3 dart slugs
  85 orcs
  5 bats
  3 endoplasms
  5 giant cockroaches
  3 hobgoblins
  3 jackals (D:2)
  29 kobolds
  2 quokkas
  9 ball pythons
  2 frilled lizards
  19 goblins
  7 rats
638 creatures vanquished.

Vanquished Creatures (collateral kills)
  2 yaks (Lair:5)
2 creatures vanquished.

Vanquished Creatures (others)
  A wizard (D:13)
  A black mamba (Lair:5)
  A tengu conjurer (D:13)
  2 humans (D:13)
  27 fungi
  42 plants
  16 withered plants (Lair:5)
90 creatures vanquished.

Grand Total: 730 creatures vanquished

Notes
Turn   | Place    | Note
-------+----------+-------------------------------------------
     0 | D:1      | Pooter the Demonspawn Berserker began the quest for the
                  | Orb.
     0 | D:1      | Reached XP level 1. HP: 18/18 MP: 1/1
   142 | D:1      | Reached skill level 1 in Stealth
   142 | D:1      | Gained mutation: You have a pair of small antennae on your
                  | head. [demonic ancestry]
   142 | D:1      | Reached XP level 2. HP: 24/24 MP: 2/2
   199 | D:1      | Reached skill level 3 in Polearms
   463 | D:1      | Reached ** piety under Trog
   700 | D:2      | Gained mutation: You regenerate magic rapidly. [demonic
                  | ancestry]
   700 | D:2      | Reached XP level 3. HP: 28/29 MP: 3/3
  1578 | D:3      | Reached XP level 4. HP: 34/35 MP: 4/4
  1916 | D:3      | Found a snail-covered altar of Cheibriados.
  2237 | D:4      | Reached skill level 1 in Shields
  2276 | D:4      | Noticed Menkaure
  2283 | D:4      | Noticed a scorpion
  2289 | D:5      | Entered Level 5 of the Dungeon
  2289 | D:5      | Noticed an ogre
  2302 | D:5      | Found Aziuts's Antique Weapon Shoppe.
  2329 | D:5      | Noticed a scorpion
  2332 | D:5      | Bought a runed falchion for 156 gold pieces
  2340 | D:5      | Killed a scorpion
  2341 | D:5      | Reached XP level 5. HP: 20/42 MP: 5/5
  2622 | D:4      | Noticed an ogre
  2635 | D:4      | Killed an ogre
  2636 | D:4      | Reached skill level 1 in Long Blades
  2636 | D:4      | Reached XP level 6. HP: 17/48 MP: 6/6
  2821 | D:4      | Reached *** piety under Trog
  3081 | D:4      | Killed Menkaure
  3082 | D:4      | Gained mutation: You are partially covered in large bone
                  | plates. (SH +4) [demonic ancestry]
  3082 | D:4      | Reached XP level 7. HP: 39/55 MP: 7/7
  3408 | D:4      | Noticed Sigmund
  3448 | D:5      | Reached skill level 5 in Fighting
  3951 | D:4      | Found the +7 staff of the Meek {protect, meekguard}
  4013 | D:4      | Reached skill level 4 in Polearms
  4140 | D:4      | Identified the +4 dagger "Ogreslayer" {heavy, rElec rPois
                  | Str+2}
  4612 | D:5      | Reached XP level 8. HP: 11/64 MP: 8/8
  4823 | D:5      | Reached skill level 5 in Polearms
  4895 | D:5      | Identified the +0 spear "Waossast" {heavy, rF+}
  5397 | D:5      | Reached skill level 6 in Polearms
  5681 | D:6      | HP: 1/65 [electric eel/bolt of electricity (16)]
  5993 | D:6      | Reached skill level 7 in Polearms
  6350 | D:6      | Found Zuxkel's Assorted Antiques.
  6359 | D:6      | Gained mutation: You have a pair of antennae on your head.
                  | [demonic ancestry]
  6359 | D:6      | Reached XP level 9. HP: 64/69 MP: 9/9
  6376 | D:6      | Bought a scroll labelled DOVYGOXZ JIWN for 25 gold pieces
  6376 | D:6      | Bought a metallic sapphire potion for 22 gold pieces
  6376 | D:6      | Bought a scroll labelled NUEZYAWUHU for 25 gold pieces
  6376 | D:6      | Bought a sapphire potion for 22 gold pieces
  6376 | D:6      | Bought a copper wand for 100 gold pieces
  6540 | D:6      | Found a sparkling altar of Nemelex Xobeh.
  6748 | D:6      | Found Ileotito's General Store.
  6780 | D:7      | Found a staircase to the Ecumenical Temple.
  7041 | D:7      | Reached skill level 8 in Polearms
  7127 | D:7      | Noticed Prince Ribbit
  7133 | D:7      | Killed Prince Ribbit
  7134 | D:7      | Reached skill level 1 in Ranged Weapons
  7211 | D:7      | Found an iron altar of Okawaru.
  7212 | D:7      | Reached **** piety under Trog
  7324 | D:7      | Found a shadowy altar of Dithmenos.
  7630 | D:6      | Bought a potion of attraction for 36 gold pieces
  7630 | D:6      | Bought a potion of curing for 36 gold pieces
  7896 | D:7      | Found a bloodstained altar of Trog.
  8729 | D:8      | Reached skill level 9 in Polearms
  8732 | D:8      | Reached XP level 10. HP: 80/80 MP: 10/10
  8757 | D:8      | Found Retur's Assorted Antiques.
  9470 | D:9      | Noticed Harold
  9744 | D:9      | Found a radiant altar of Vehumet.
  9782 | D:9      | Noticed a two-headed ogre
  9789 | D:9      | Killed a two-headed ogre
  9790 | D:9      | Reached skill level 5 in Ranged Weapons
  9848 | D:9      | Found a flagged portal.
  9857 | Bailey   | Entered a bailey
 10255 | Bailey   | Reached skill level 10 in Polearms
 10361 | D:9      | Identified a scroll of acquirement
 10361 | D:9      | Acquired the amulet "Jeump" {Spirit Rampage rCorr}
 10569 | D:9      | Killed Harold
 10714 | D:9      | Found Varef's Distillery.
 10718 | D:9      | Bought a potion of heal wounds for 65 gold pieces
 10718 | D:9      | Bought a potion of curing for 39 gold pieces
 10718 | D:9      | Bought a potion of might for 52 gold pieces
 10740 | D:9      | Found a staircase to the Orcish Mines.
 10767 | D:9      | Gained mutation: You have a pair of large antennae on your
                  | head. (SInv) [demonic ancestry]
 10767 | D:9      | Reached XP level 11. HP: 84/89 MP: 9/11
 11508 | D:10     | Entered Level 10 of the Dungeon
 11515 | D:10     | Found a shimmering altar of Xom.
 11515 | D:10     | Noticed an angel
 11548 | D:10     | Noticed a two-headed ogre
 11557 | D:10     | Killed a two-headed ogre
 11595 | D:10     | Reached skill level 11 in Polearms
 11757 | D:10     | Found a shimmering blue altar of Sif Muna.
 11880 | D:10     | Found a hazy altar of Hepliaklqana.
 12639 | D:11     | Noticed a boulder beetle
 12650 | D:11     | Killed a boulder beetle
 12680 | D:11     | Upgraded the game from 0.30-a0-1074-g5db6f66fbb to
                  | 0.30-a0-1075-gcd70e7a56d
 12694 | D:11     | Noticed a two-headed ogre
 12700 | D:11     | Killed a two-headed ogre
 12767 | D:11     | Found a staircase to the Lair.
 12779 | Lair:1   | Entered Level 1 of the Lair of Beasts
 13088 | Lair:1   | Reached skill level 10 in Fighting
 13122 | Lair:1   | Noticed a catoblepas
 13138 | Lair:1   | Killed a catoblepas
 13304 | Lair:1   | Noticed a boulder beetle
 13329 | Lair:1   | Killed a boulder beetle
 13330 | Lair:1   | Gained mutation: You sometimes gain a little power by
                  | taking damage. [demonic ancestry]
 13330 | Lair:1   | Reached XP level 12. HP: 62/97 MP: 12/12
 13608 | D:6      | Bought a scroll of identify for 50 gold pieces
 13678 | D:9      | Bought 2 potions of flight for 78 gold pieces
 13888 | Lair:1   | Found a runed translucent gate.
 13888 | Lair:1   | Found a runed translucent gate.
 13888 | Lair:1   | Found a runed translucent gate.
 13892 | Lair:1   | Noticed Sleet's ghost (novice MiBe)
 14097 | Lair:1   | Reached skill level 12 in Polearms
 14870 | Lair:2   | Identified the +0 ring mail "Peogageclo" {-Tele rF+ Dex+3}
 15033 | Lair:2   | Reached skill level 1 in Evocations
 15196 | Lair:2   | Found a hole to the Spider Nest.
 15400 | Lair:3   | Noticed a catoblepas
 15409 | Lair:3   | Killed a catoblepas
 15617 | Lair:3   | Identified the +3 leather armour of Ecaf {+Blink Regen+
                  | Dex+3}
 16133 | Lair:3   | Noticed Nergalle
 16161 | Lair:3   | Killed Nergalle
 16227 | Lair:3   | Found a staircase to the Swamp.
 16489 | Lair:3   | Noticed a seven-headed hydra
 16501 | Lair:3   | Killed a one-headed hydra
 16874 | Lair:4   | Reached skill level 10 in Ranged Weapons
 16989 | Lair:4   | Noticed a catoblepas
 17003 | Lair:4   | Killed a catoblepas
 17112 | Lair:4   | Reached skill level 5 in Armour
 17343 | Lair:4   | Reached XP level 13. HP: 105/105 MP: 13/13
 17727 | Lair:5   | Entered Level 5 of the Lair of Beasts
 17891 | Lair:5   | Reached skill level 13 in Polearms
 18562 | Lair:5   | Noticed Urug
 18563 | Lair:5   | Urug changed into Urug the blink frog
 18563 | Lair:5   | Noticed Urug
 18567 | Lair:5   | Killed Urug the blink frog
 18612 | Lair:5   | Identified the +3 trident of Sufficient Honour {heavy,
                  | Fragile rF+ Int+4}
 18621 | Lair:5   | Gained mutation: You possess an exceptional clarity of
                  | mind. [potion of mutation]
 18621 | Lair:5   | Gained mutation: Your spells are a little harder to cast,
                  | but a little more powerful. [potion of mutation]
 18939 | Lair:5   | Found a runed translucent door.
 18939 | Lair:5   | Found a viscous altar of Jiyva.
 18940 | Lair:5   | Found a staircase to the Slime Pits.
 19292 | Lair:5   | Noticed a dire elephant
 19292 | Lair:5   | Noticed a dire elephant
 19902 | Lair:5   | Reached skill level 5 in Evocations
 20500 | Lair:5   | Killed a dire elephant
 20507 | Lair:5   | Killed a dire elephant
 20519 | Lair:5   | Reached XP level 14. HP: 73/114 MP: 14/14
 20908 | Orc:1    | Entered Level 1 of the Orcish Mines
 21241 | Orc:1    | Reached skill level 14 in Polearms
 21467 | Orc:2    | Entered Level 2 of the Orcish Mines
 22962 | Orc:2    | Found Tynyom's Magic Scroll Shop.
 22968 | Orc:2    | Bought a scroll of enchant armour for 105 gold pieces
 22968 | Orc:2    | Bought a scroll of enchant weapon for 105 gold pieces
 22985 | Orc:2    | Found Koin's General Store.
 22985 | Orc:2    | Found Feakkudi's Magic Scroll Shop.
 22985 | Orc:2    | Found Zisiepe's Armour Boutique.
 22985 | Orc:2    | Found Gaseec's General Store.
 22993 | Orc:2    | Reached skill level 1 in Axes
 23774 | Orc:2    | Noticed Bediveer's ghost (journeyman GnIE)
 23776 | Orc:2    | Found a transporter.
 23789 | Orc:2    | Found a transporter.
 24039 | D:6      | Bought a scroll of teleportation for 75 gold pieces
 26724 | Orc:2    | Bought a potion of might for 56 gold pieces
 26725 | Orc:2    | Bought a scroll of blinking for 90 gold pieces
 26725 | Orc:2    | Bought a scroll of blinking for 90 gold pieces
 26725 | Orc:2    | Bought a scroll of blinking for 90 gold pieces
 26726 | Orc:2    | Bought 2 potions of might for 120 gold pieces
 26735 | Orc:2    | Found a staircase to the Elven Halls.
 26802 | Orc:2    | Found a shimmering blue altar of Sif Muna.
 28727 | D:12     | Reached ***** piety under Trog
 29390 | D:12     | Found Giwotz's Antique Weapon Emporium.
 29443 | D:12     | Bought an ichor-stained dire flail for 162 gold pieces
 29443 | D:12     | Identified the +1 dire flail of the Quick God {flame, rElec
                  | rN+ Str+3} (You bought it in a shop on level 12 of the
                  | Dungeon)
 29453 | D:12     | Upgraded the game from 0.30-a0-1075-gcd70e7a56d to
                  | 0.30-a0-1082-g70414cbcbb
 29492 | D:13     | Noticed Kirke
 29503 | D:13     | Killed Kirke
 29574 | D:13     | Noticed Sonja
 29576 | D:13     | Sonja changed into Sonja the sky beast
 29576 | D:13     | Noticed Sonja
 29579 | D:13     | Killed Sonja the sky beast
 29840 | D:13     | Found a gate to the Vaults.
 30123 | D:13     | Noticed Jorgrun
 30138 | D:13     | Killed Jorgrun
 30139 | D:13     | Reached skill level 5 in Axes
 30165 | D:13     | Reached XP level 15. HP: 74/122 MP: 15/15
 30311 | D:13     | Found Kiyziapp's Overcharged Wands.
 30631 | D:13     | Noticed Azrael
 30658 | D:13     | Killed Azrael
 31636 | D:14     | Found a transporter.
 31638 | D:14     | Noticed a storm dragon
 31646 | D:14     | Noticed bmack86's ghost (journeyman MiFi)
 31679 | D:14     | Found a transporter.
 31954 | D:14     | Found the +9 staff of Olgreb {rPois∞}
 31961 | D:14     | Found a runed translucent gate.
 31961 | D:14     | Found a runed translucent gate.
 31962 | D:14     | Found a runed translucent door.
 32484 | D:14     | Slain by a meliai

Illustrated notes

Levels and vault maps discovered:
D:1:      dpeg_arrival_houses_and_road, layout_basic, minmay_misc_feat_chi,
          grunt_decor_cap
D:2:      layout_basic
D:3:      layout_loops_cross, lemuel_round_altar
D:4:      layout_rooms, sigmund_army, uniq_menkaure
D:5:      layout_gridville, serial_shops, nicolae_stop_n_shop_2
D:6:      layout_gridville, nemelex_diamond_rough_becter, serial_shops,
          kennysheep_little_box, kennysheep_mini_moat, mrwooster_statue_mirror,
          minivault_14
D:7:      layout_loops_corners, mainiacjoe_overflow_24_doors,
          kennysheep_okawaru_gauntlet, mainiacjoe_overflow_alcove_1,
          minmay_temple_entry_offerings, serial_rivers,
          chequers_serial_rivers_micro_d, chequers_serial_rivers_micro_b,
          chequers_serial_rivers_micro_e, chequers_serial_rivers_micro_d,
          minmay_increasing_density, uniq_prince_ribbit1
D:8:      layout_loops_ring, nicolae_elyvilon_peaceful_grove, serial_shops,
          nicolae_take_the_stairs
D:9:      cheibrodos_statue_roulette, layout_rooms, marbit_many_paths,
          nicolae_vehumet_altar_sigil, orc_0_dummy, serial_shops, shop,
          enter_bailey_3, uniq_harold
D:10:     layout_loops_ring, mainiacjoe_overflow_small_starburst,
          overflow_temple_1_default, grunt_temple_overflow_order_and_chaos_1,
          minmay_misc_feat_hallway, kennysheep_donut
D:11:     layout_stronghold, lair_entry_dummy
D:12:     layout_roguey, serial_shops, nicolae_shop_waterfront, zin_treasury
D:13:     layout_loops_corners, david_vaults_1, nicolae_shop_overcharged_wands,
          uniq_azrael, uniq_kirke, uniq_jorgrun, uniq_sonja
D:14:     layout_roguey [special_room_bee], minmay_staircase_statues_hall_large,
          gammafunk_ghost_berserking_beasts,
          minmay_guarded_unrand_staff_of_olgreb
Lair:1:   layout_gridlike, ebering_ghost_rock_garden, grunt_megastairs_5,
          infiniplex_staircase_pool
Lair:2:   layout_regular_city, spider_nest_entry_web_field,
          serial_bayou_shore_a, lemuel_fruit_fields
Lair:3:   layout_cave_shapes, minmay_swamp_entry_swarm, uniq_nergalle
Lair:4:   layout_roguey
Lair:5:   due_jungle_book, layout_gridlike, slime_entry_2,
          serial_bayou_crossing, uniq_urug
Orc:1:    layout_diamond_mine, mines5_lemuel
Orc:2:    st_orc_ogre_mass, layout_caves, serial_shops, shop_scrolls,
          basic_altar, gammafunk_ghost_arena, led_sif_book

Skill      XL: |  1  2  3  4  5  6  7  8  9 10 11 12 13 14 15 |
---------------+----------------------------------------------+-----
Stealth        | 1 2 |  2.9
Polearms       | 3 4 7 9 10 11 12 13 14 | 14.3
Shields        | 1 |  1.3
Fighting       | 4 5 7 8 9 10 11 12 | 12.6
Long Blades    | 1 3 4 |  4.6
Ranged Weapons | 3 6 8 10 11 12 13 | 13.1
Armour         | 3 5 6 7 |  7.3
Evocations     | 3 5 6 |  6.4
Axes           | 5 6 |  6.3
Dodging        | |  1.7

Action                     |  1- 3 |  4- 6 |  7- 9 | 10-12 | 13-15 || total
---------------------------+-------+-------+-------+-------+-------++-------
  Melee: Spear             |   132 |    41 |   108 |       |       ||   281
         Falchion          |       |    83 |    36 |     9 |    10 ||   138
         Trident           |       |       |   101 |       |       ||   101
         Halberd           |       |       |   133 |   509 |   516 ||  1158
         War axe           |       |       |       |    11 |    47 ||    58
         Punch             |       |       |       |       |     1 ||     1
         Battleaxe         |       |       |       |       |    66 ||    66
         Broad axe         |       |       |       |       |    21 ||    21
   Fire: Sling             |       |       |    25 |       |       ||    25
         Shortbow          |       |       |    18 |   111 |       ||   129
         Arbalest          |       |       |       |    20 |   258 ||   278
  Throw: Stone             |    16 |     3 |     8 |       |       ||    27
         Javelin           |       |     8 |     1 |     2 |    14 ||    25
         Boomerang         |       |       |    19 |     6 |    11 ||    36
         Dart              |       |       |     1 |    15 |     5 ||    21
         Throwing net      |       |       |       |     1 |       ||     1
 Invoke: Berserk           |       |       |     6 |     9 |    18 ||    33
         Trog's Hand       |       |       |     5 |    17 |    31 ||    53
  Evoke: Wand              |       |       |       |     3 |    16 ||    19
         Phial of floods   |       |       |       |       |     2 ||     2
    Use: Scroll            |     2 |     5 |    14 |    18 |    12 ||    51
         Potion            |       |       |     1 |     8 |     9 ||    18
   Stab: Sleeping          |     1 |       |       |       |       ||     1
         Invisible         |       |       |       |    15 |       ||    15
         Held in net/web   |       |       |       |     2 |       ||     2
 Armour: Animal skin       |     7 |       |       |       |       ||     7
         Scale mail        |    51 |    82 |       |       |       ||   133
         Leather armour    |     3 |       |       |       |       ||     3
         Chain mail        |       |       |   177 |       |       ||   177
         Plate armour      |       |       |    75 |   419 |   510 ||  1004
  Dodge: Dodged            |    38 |    31 |   115 |   257 |   241 ||   682
  Block: Tower shield      |    62 |   127 |   282 |       |       ||   471
         Reflection        |       |     2 |     4 |       |    16 ||    22
         Other             |       |       |    22 |   115 |   233 ||   370

Table legend: (Time is in decaauts)
 A = Elapsed time spent in this place.
 B = Non-inter-level travel time spent in this place.
 C = Inter-level travel time spent in this place.
 D = Time resting spent in this place.
 E = Time spent auto-exploring this place.
 F = Levels seen in this place.
 G = Mean time per level.
                   A        B        C        D        E       F      G
               +--------+--------+--------+--------+--------+-----+--------+
         Total |  33125 |  31581 |   1544 |  13145 |  11987 |  22 | 1505.7 |
       Dungeon |  18852 |  17729 |   1123 |   5699 |   8322 |  14 | 1346.6 |
          Lair |   7664 |   7426 |    238 |   2703 |   3081 |   5 | 1532.8 |
  Orcish Mines |   6096 |   5914 |    182 |   4479 |    584 |   2 | 3048.0 |
        Bailey |    511 |    511 |      0 |    263 |      0 |   1 |  511.0 |
               +--------+--------+--------+--------+--------+-----+--------+

Top non-repeatable levels by time:
   Orc:2: 4388 daAuts
  Lair:5: 2719 daAuts
     D:5: 2586 daAuts
    D:13: 2076 daAuts
     D:9: 1883 daAuts
    D:11: 1812 daAuts
   Orc:1: 1708 daAuts
     D:7: 1448 daAuts
  Lair:4: 1443 daAuts
     D:8: 1436 daAuts
  Lair:3: 1281 daAuts
     D:6: 1241 daAuts
  Lair:1: 1223 daAuts
     D:4: 1168 daAuts
    D:10: 1080 daAuts
